 Dungeon Crawl Stone Soup version 0.26.1-11-gd32895ea62 (webtiles) character file.

Game seed: 15224112040963805199

50 Tirrikindir the Shield-Bearer (level 4, -1/35 HPs)
             Began as a Formicid Fighter on May 18, 2021.
             Slain by a water moccasin (7 damage)
             ... on level 2 of the Dungeon.
             The game lasted 00:04:17 (1775 turns).

Tirrikindir the Shield-Bearer (Formicid Fighter)    Turns: 1775, Time: 00:04:18

Health: -1/35      AC:  6    Str: 21 (22) XL:     4   Next: 4%
Magic:  4/4        EV:  8    Int:  5 (7)  God:
Gold:   82         SH: 10    Dex: 14 (16) Spells: 3/3 levels left

rFire    . . .     SeeInvis +   a - +0 long sword
rCold    . . .     Faith    .   c - +0 kite shield
rNeg     . . .     Spirit   .   b - +0 scale mail
rPois    .         Reflect  .   (helmet unavailable)
rElec    .         Harm     .   (no cloak)
rCorr    .         Rampage  .   (no gloves)
Will     .....                  (no boots)
Stlth    ..........             (no amulet)
HPRegen  0.11/turn              g - +6 ring of dexterity
MPRegen  0.09/turn              (no ring)

@: lethally poisoned (-1 -> -11)
A: permanent stasis, dig shafts and tunnels, four strong arms, antennae 3
a: Dig, Shaft Self


You were on level 2 of the Dungeon.
You visited 1 branch of the dungeon, and saw 2 of its levels.

You collected 82 gold pieces.

Inventory:

Hand Weapons
 a - a +0 long sword (weapon)
 h - a +0 short sword
Armour
 b - a +0 scale mail (worn)
 c - a +0 kite shield (worn)
Jewellery
 g - a +6 ring of dexterity (left hand)
Scrolls
 f - a scroll of remove curse
Potions
 d - a potion of might
 i - a potion of cancellation
 j - a potion of flight


   Skills:
 + Level 3.5 Fighting
 * Level 2.8 Long Blades
 + Level 3.6 Armour
 + Level 1.0 Dodging
 + Level 4.0 Shields


You had 3 spell levels left.
You didn't know any spells.
Your spell library was empty.

Dungeon Overview and Level Annotations

Branches:
Dungeon (2/15)

Altars:


Innate Abilities, Weirdness & Mutations

You cannot be hasted, slowed, berserked, paralysed or teleported.
You can dig through walls and to a lower floor.
Your four strong arms can wield two-handed weapons with a shield.
You have a pair of large antennae on your head. (SInv)


Message History

The water moccasin poisons you!
You hit the water moccasin.
The water moccasin is almost dead.
* * * LOW HITPOINT WARNING * * *
You feel sick. The water moccasin barely misses you.
You closely miss the water moccasin.
The water moccasin is almost dead.
* * * LOW HITPOINT WARNING * * *
You feel sick. You block the water moccasin's attack.
The water moccasin bites you but does no damage.
You hit the water moccasin but do no damage.
The water moccasin is almost dead.
* * * LOW HITPOINT WARNING * * *
You feel sick.
You block the water moccasin's attack. x2
It was a potion of degeneration.
There was something very wrong with that liquid.
You feel weakened.
You feel dopey.
You feel clumsy.
* * * LOW HITPOINT WARNING * * *
You feel sick. The water moccasin bites you!
You die...

###.................####.####
##.#..##..†########### >#
......#.......##### ..
...........##.#... ###
#(....##.#.##.#.####
##.#.......##......#
#####......####.##.#
#######.#### #.##.##.#
#..........# #.@S....#
#.####+##..## ####.####
#..##.⌠.##†.## .#
##..##...##..## .#
#..##...##..## #
#..##...##..## #...''.⌠.''..#
##..##...##.....#
###..##...##..###.#


You could see a water moccasin.

Vanquished Creatures
  A worm (D:2)
  2 dart slugs
  A leopard gecko (D:2)
  5 bats
  A giant cockroach (D:1)
  7 goblins
  6 hobgoblins
  5 kobolds
  2 quokkas (D:2)
  A ball python (D:1)
  3 frilled lizards
  4 rats
38 creatures vanquished.

Notes
Turn   | Place    | Note
-------+----------+-------------------------------------------
     0 | D:1      | Tirrikindir the Formicid Fighter began the quest for the
                  | Orb.
     0 | D:1      | Reached XP level 1. HP: 18/18 MP: 1/1
   312 | D:1      | Reached XP level 2. HP: 24/24 MP: 2/2
   715 | D:1      | Reached XP level 3. HP: 24/29 MP: 3/3
  1445 | D:2      | Reached skill level 4 in Shields
  1583 | D:2      | Reached skill level 1 in Dodging
  1682 | D:2      | Reached XP level 4. HP: 35/35 MP: 4/4
  1748 | D:2      | Noticed a water moccasin
  1775 | D:2      | Slain by a water moccasin

Illustrated notes

Levels and vault maps discovered:
D:1:      lemuel_arrival_rhombus, layout_basic, chequers_serial_rivers_small_b,
          minmay_pentomino_o2
D:2:      layout_loops_cross, grunt_decor_arrowhead

Skill      XL: |  1  2  3 |
---------------+----------+-----
Shields        | 4 |  4.0
Dodging        | 1 |  1.0
Fighting       | |  3.5
Long Blades    | |  2.8
Armour         | |  3.6

Action                   |  1- 3 |  4- 6 || total
-------------------------+-------+-------++-------
Melee: Long sword        |    88 |    26 ||   114
 Abil: Dig               |     3 |       ||     3
  Use: Scroll            |     7 |     1 ||     8
       Potion            |       |     3 ||     3
Armor: Scale mail        |    30 |     7 ||    37
Dodge: Dodged            |    28 |    11 ||    39
Block: Kite shield       |    48 |    19 ||    67
       Rpst.: Long sword |     9 |     2 ||    11
